[Event "Team 45 45 League T75"]
[Site "Internet Chess Club"]
[Date "2018.01.21"]
[Round "5"]
[White "gera-carp75"]
[Black "ChessHouston"]
[Result "1-0"]
[WhiteElo "1850"]
[BlackElo "1793"]
[Opening "Vienna: Paulsen variation"]
[ECO "C25"]
[Time "18:00:54"]
[TimeControl "2700+45"]

1. e4 e5 2. Nc3 Nc6 3. g3 Nf6 4. Bg2 Bc5 5. Nge2 a5 6. d3 d6 7. O-O O-O 8. h3 h6
9. Kh2 Nh7 10. f4 g5 11. f5 f6 12. Nd5 Nd4 13. Nxd4 exd4 14. Qh5 c6 15. Nf4 gxf4
16. Rxf4 Rf7 17. Rg4+ Rg7 18. Bxh6 Rg5 19. Rxg5+ {Black resigns} 1-0

[Event "Team 45 45 League T75"]
[Site "Internet Chess Club"]
[Date "2018.01.21"]
[Round "5"]
[White "Beetlejuice"]
[Black "leandromorg"]
[Result "1-0"]
[WhiteElo "1841"]
[BlackElo "1661"]
[Opening "Queen's gambit declined"]
[ECO "D30"]
[Time "11:03:09"]
[TimeControl "2700+45"]

1. d4 d5 2. c4 e6 3. Nf3 c6 4. e3 f5 5. Bd3 Nf6 6. O-O Bd6 7. b3 Qe7 8. Bb2 Ne4
9. Qc1 Qf6 10. Ba3 Bc7 11. Nc3 Nd7 12. cxd5 exd5 13. Nxd5 Bxh2+ 14. Kxh2 cxd5
15. Qc7 Qb6 16. Rac1 Qxc7+ 17. Rxc7 Kd8 18. Rfc1 g6 19. Kg1 h6 20. Bb5 Nef6 21.
Kf1 Ne8 22. R7c2 Nef6 23. Bd6 Ne4 24. Bh2 a6 25. Bxd7 Bxd7 26. Ne5 Rh7 27. Nxg6
Bb5+ 28. Kg1 Ng5 29. Rc7 Rxc7 30. Rxc7 Bc6 31. Ne7 f4 32. Bxf4 Ne6 33. Nxc6+
bxc6 34. Rh7 {Black resigns} 1-0

[Event "Team 45 45 League T75"]
[Site "Internet Chess Club"]
[Date "2018.01.20"]
[Round "5"]
[White "rookbattery"]
[Black "Yedixon"]
[Result "0-1"]
[WhiteElo "1589"]
[BlackElo "1675"]
[Opening "Pirc: Ufimtsev-Pytel variation"]
[ECO "B07"]
[Time "17:17:39"]
[TimeControl "2700+45"]

1. e4 d6 2. d4 Nf6 3. Nc3 c6 4. Be2 g6 5. f3 e5 6. d5 a6 7. Be3 b5 8. a3 Bb7 9.
Qd2 cxd5 10. Nxd5 Bxd5 11. exd5 Nbd7 12. a4 b4 13. Bc4 Nb6 14. Bb3 a5 15. Qd3
Nfd7 16. Ne2 Bg7 17. Ng3 O-O 18. Ne4 Qc7 19. g4 Rfd8 20. h4 Nc5 21. Nxc5 dxc5
22. Bc4 Rd6 23. Qe4 Rad8 24. O-O-O Nxa4 25. h5 Nb6 26. hxg6 fxg6 27. f4 Nxc4 28.
Qxc4 Qf7 29. Bxc5 Rxd5 30. Rxd5 Qxd5 31. Qxd5+ Rxd5 32. Be3 exf4 33. Bxf4 Rd4
34. Bc7 a4 35. g5 Rg4 36. Bd8 Be5 37. Re1 Bf4+ 38. Kb1 Bxg5 39. Bxg5 Rxg5 40.
Re8+ Kf7 41. Ra8 b3 42. cxb3 axb3 43. Kc1 h5 44. Kd2 h4 45. Ra1 h3 46. Rh1 Rg2+
47. Kc3 h2 48. Kxb3 g5 49. Kc3 g4 50. Kd3 g3 51. Ke3 Rg1 {White resigns} 0-1

[Event "Team 45 45 League T75"]
[Site "Internet Chess Club"]
[Date "2018.01.22"]
[Round "5"]
[White "ANGELLR"]
[Black "fledermaus"]
[Result "0-1"]
[WhiteElo "1865"]
[BlackElo "1874"]
[Opening "Queen's pawn, Mason variation, Steinitz counter-gambit"]
[ECO "D00"]
[Time "17:00:37"]
[TimeControl "2700+45"]

1. d4 d5 2. Bf4 c5 3. e3 Nc6 4. Nf3 Nf6 5. c3 Qb6 6. b3 Bg4 7. Be2 cxd4 8. exd4
Ne4 9. O-O e6 10. Nfd2 Bxe2 11. Qxe2 Bd6 12. Bxd6 Nxd6 13. Qg4 O-O 14. Nf3 Ne4
15. Rc1 e5 16. Nbd2 f5 17. Qh4 exd4 18. c4 Qa5 19. cxd5 Qxd5 20. Nc4 Rad8 21.
Rd1 f4 22. Re1 Nb4 23. Red1 Nc3 24. Rd2 d3 25. a3 Nc2 26. Rf1 Ne4 27. Rdd1 b5
28. Ncd2 Nc3 29. Ng5 h6 30. Nh3 Nxd1 31. Rxd1 Qf5 32. g4 fxg3 33. hxg3 Rd4 34.
f4 Re8 35. Nf3 Rde4 36. Ne5 R8xe5 37. fxe5 Rxh4 {White resigns} 0-1

[Event "Team 45 45 League T75"]
[Site "Internet Chess Club"]
[Date "2018.01.23"]
[Round "5"]
[White "jonesey"]
[Black "primerpaso"]
[Result "0-1"]
[WhiteElo "1848"]
[BlackElo "1868"]
[Opening "Sicilian defense"]
[ECO "B20"]
[Time "15:06:58"]
[TimeControl "2700+45"]

1. e4 c5 2. c4 e5 3. Nc3 Nc6 4. g3 d6 5. Bg2 Be6 6. d3 Qd7 7. Nd5 O-O-O 8. a3 h5
9. h3 Nge7 10. Ne2 Ng6 11. b4 f5 12. Bg5 Re8 13. Qa4 Kb8 14. bxc5 dxc5 15. Rb1
Nd4 16. Qa6 Nc2+ 17. Kd2 Nb4 18. Nxb4 cxb4 19. Qa5 Bxc4 20. Nc1 b6 21. Rxb4
Bxb4+ 22. Qxb4 Be6 23. Nb3 Rc8 24. a4 f4 25. a5 b5 26. a6 Rc4 27. Qa3 Ra4 28.
Qb2 Rb4 29. Rb1 Rxb3 30. Qa1 Qxd3+ 31. Ke1 Rxb1+ {White resigns} 0-1

[Event "Team 45 45 League T75"]
[Site "Internet Chess Club"]
[Date "2018.01.19"]
[Round "5"]
[White "VictorRed"]
[Black "LookImYourVader"]
[Result "1/2-1/2"]
[WhiteElo "1746"]
[BlackElo "1790"]
[Opening "Benoni: classical, 8.Bg5"]
[ECO "A71"]
[Time "19:01:24"]
[TimeControl "2700+45"]

1. d4 c5 2. d5 Nf6 3. c4 e6 4. Nc3 exd5 5. cxd5 d6 6. Bg5 g6 7. e4 Bg7 8. Nf3 a6
9. Bd3 O-O 10. O-O b5 11. Re1 Nbd7 12. Qd2 Re8 13. Qf4 Ne5 14. Nxe5 Rxe5 15. Qh4
h6 16. Bxf6 Qxf6 17. Qxf6 Bxf6 18. f4 Re8 {Game drawn by mutual agreement}
1/2-1/2

[Event "Team 45 45 League T75"]
[Site "Internet Chess Club"]
[Date "2018.01.23"]
[Round "5"]
[White "Invicta-Knight"]
[Black "andrew37"]
[Result "1-0"]
[WhiteElo "1566"]
[BlackElo "1676"]
[Opening "Sicilian: closed"]
[ECO "B23"]
[Time "15:00:25"]
[TimeControl "2700+45"]

1. e4 c5 2. Nc3 d6 3. f4 g6 4. Nf3 Bg7 5. Bc4 e6 6. d4 cxd4 7. Nxd4 a6 8. a3 b5
9. Ba2 Bb7 10. O-O Nc6 11. Be3 Nf6 12. Nxc6 Bxc6 13. Bd4 O-O 14. Qd3 Nd7 15.
Rad1 Nc5 16. Qe3 Qe7 17. e5 Nb7 18. exd6 Nxd6 19. Bxg7 Nf5 20. Bxf8 Rxf8 21. Qb6
Ba8 22. Rfe1 Qh4 23. Qf2 Qh5 24. Re5 Rc8 25. Rxe6 Rxc3 26. Rd8+ Kg7 27. bxc3
fxe6 28. Qc5 Kh6 29. Qf8+ Ng7 30. Rd7 Qe2 31. Qxg7+ Kh5 32. Qxh7+ Kg4 33. Qxg6+
Kxf4 34. Qg3+ Kf5 35. Rf7+ {Black resigns} 1-0

[Event "Team 45 45 League T75"]
[Site "Internet Chess Club"]
[Date "2018.01.20"]
[Round "5"]
[White "Ajolote"]
[Black "Agarnez"]
[Result "0-1"]
[WhiteElo "1827"]
[BlackElo "1914"]
[Opening "French: Chigorin variation"]
[ECO "C00"]
[Time "21:05:39"]
[TimeControl "2700+45"]

1. e4 e6 2. Qe2 Nc6 3. Nf3 e5 4. g3 Nf6 5. Bg2 Bc5 6. O-O O-O 7. c3 d5 8. d3 h6
9. b4 dxe4 10. dxe4 Bd6 11. Nbd2 a5 12. b5 Na7 13. a4 Be6 14. Bb2 Nc8 15. Rfd1
Nb6 16. c4 Nfd7 17. Ba3 Bxa3 18. Rxa3 Qf6 19. c5 Nxc5 20. Rc1 Ncxa4 21. Rxc7
Rfc8 22. Rxc8+ Rxc8 23. Qd1 Nb2 24. Qa1 N2c4 25. Rc3 Qd8 26. Nxc4 Nxc4 27. Bf1
Qd6 28. Qa4 Nd2 29. Rxc8+ Bxc8 30. Nxd2 Qxd2 31. Qc4 Be6 32. Qc7 Qe1 33. Kg2
Qxe4+ 34. f3 Qd5 35. Qxa5 Qa2+ 36. Qxa2 Bxa2 37. Kf2 b6 38. Ke3 Bd5 39. Bd3 Kf8
40. f4 f6 41. h4 Ke7 42. g4 g5 43. fxe5 fxe5 44. hxg5 hxg5 {White resigns} 0-1

[Event "Team 45 45 League T75"]
[Site "Internet Chess Club"]
[Date "2018.01.20"]
[Round "5"]
[White "elmaestro"]
[Black "Tobiasdelmonte"]
[Result "0-1"]
[WhiteElo "1695"]
[BlackElo "1666"]
[Opening "Queen's pawn: London system"]
[ECO "A45"]
[Time "23:19:13"]
[TimeControl "2700+45"]

1. d4 Nf6 2. Bf4 c5 3. d5 Qb6 4. Nc3 Qxb2 5. Be5 d6 6. Rb1 Qa3 7. Nb5 Qa5+ 8.
Bc3 Qd8 9. Bxf6 gxf6 10. e4 a6 11. Nc3 Qa5 12. Qd2 Bh6 13. Qxh6 Qxc3+ 14. Qd2
Qxd2+ 15. Kxd2 f5 16. Bd3 fxe4 17. Bxe4 Nd7 18. f4 Nf6 19. Bf3 b5 20. Ne2 Bb7
21. c4 b4 22. g4 a5 23. g5 Nd7 24. Rhe1 Nb6 25. Kd3 h6 26. h4 hxg5 27. hxg5 Rh3
28. Rf1 Ba6 29. Rbc1 a4 30. Ke4 Bxc4 31. Rh1 Bxd5+ 32. Kf5 Rxf3 {White resigns}
0-1

[Event "Team 45 45 League T75"]
[Site "Internet Chess Club"]
[Date "2018.01.20"]
[Round "5"]
[White "nealbruce"]
[Black "ascoli"]
[Result "1-0"]
[WhiteElo "1677"]
[BlackElo "1675"]
[Opening "Sicilian: Alapin's variation (2.c3)"]
[ECO "B22"]
[Time "08:01:16"]
[TimeControl "2700+45"]

1. e4 c5 2. c3 d5 3. exd5 Qxd5 4. d4 Nc6 5. Nf3 e6 6. Be2 Nf6 7. O-O cxd4 8.
cxd4 Be7 9. Nc3 Qd8 10. Bf4 a6 11. Rc1 O-O 12. Na4 Bd6 13. Ne5 Nb4 14. Qb3 Nbd5
15. Bg5 h6 16. Bh4 b5 17. Nc5 Bxc5 18. dxc5 Qc7 19. Bxf6 Nxf6 20. Qg3 Ne4 21.
Qf4 Nf6 22. Bf3 Bb7 23. c6 Bc8 24. Rfd1 a5 25. Qd4 Ba6 26. Nd7 Rfd8 27. Nxf6+
gxf6 28. Qxf6 Kh7 29. Be4+ Kg8 30. Qxh6 Qe5 31. Bh7+ Kh8 32. Bg6+ Kg8 33. Qh7+
Kf8 34. Qxf7# {Black checkmated} 1-0

[Event "Team 45 45 League T75"]
[Site "Internet Chess Club"]
[Date "2018.01.18"]
[Round "5"]
[White "ColourfulChess"]
[Black "Insan996"]
[Result "1-0"]
[WhiteElo "1712"]
[BlackElo "1688"]
[Opening "Caro-Kann: Bronstein-Larsen variation"]
[ECO "B16"]
[Time "22:04:11"]
[TimeControl "2700+45"]

1. e4 c6 2. d4 d5 3. Nd2 dxe4 4. Nxe4 Nf6 5. Nxf6+ gxf6 6. Nf3 Bg4 7. Be2 e6 8.
O-O Qc7 9. Nh4 Bxe2 10. Qxe2 Nd7 11. c4 O-O-O 12. g3 Be7 13. Qh5 Rdf8 14. Bh6
Re8 15. Qxf7 f5 16. Nf3 Rhg8 17. Rfe1 Rg6 18. Qxe8+ Bd8 19. Bf4 Qxf4 20. Qxg6
Qxf3 21. Qxe6 h5 22. d5 h4 23. dxc6 bxc6 24. Rad1 h3 25. Qxd7+ Kb8 26. Qxd8+ Kb7
27. Rd7+ Ka6 28. Qc8+ Ka5 29. Re5+ Kb4 30. Qf8+ Kxc4 31. Qc5# {Black checkmated}
1-0

[Event "Team 45 45 League T75"]
[Site "Internet Chess Club"]
[Date "2018.01.19"]
[Round "5"]
[White "JJ12"]
[Black "hood"]
[Result "0-1"]
[WhiteElo "2117"]
[BlackElo "2042"]
[Opening "Ruy Lopez: Anderssen variation"]
[ECO "C77"]
[Time "19:15:19"]
[TimeControl "2700+45"]

1. e4 e5 2. Nf3 Nc6 3. Bb5 a6 4. Ba4 Nf6 5. d3 b5 6. Bb3 Bc5 7. c3 d6 8. O-O h6
9. Nbd2 O-O 10. h3 Re8 11. Re1 Bb6 12. Nf1 Ne7 13. Nh4 d5 14. Qe2 Bb7 15. Ng3 c5
16. Bc2 Qd7 17. Qf3 Qe6 18. Ngf5 Kh8 19. Qg3 Nxf5 20. Nxf5 Rg8 21. Qh4 c4 22.
dxc4 dxe4 23. Ng3 bxc4 24. Nxe4 Nxe4 25. Bxe4 Bxe4 26. Qxe4 Rgd8 27. b3 Rac8 28.
Be3 f5 29. Qc2 Bxe3 30. Rxe3 e4 31. Rae1 Rd3 32. Rxd3 exd3 33. Qd2 Qd5 34. Re3
Rd8 35. bxc4 Qxc4 36. Re5 Qa4 37. Re1 Qc2 38. Rd1 f4 39. f3 Kh7 40. Kf1 Kg6 41.
Kf2 Rc8 42. g3 Rxc3 43. gxf4 Qxd2+ 44. Rxd2 Rc2 45. Ke3 Rxd2 46. Kxd2 Kf5 47.
Kxd3 Kxf4 48. Kc4 Kxf3 49. Kb4 Kg3 50. Ka5 Kxh3 51. Kxa6 g5 {White resigns} 0-1

[Event "Team 45 45 League T75"]
[Site "Internet Chess Club"]
[Date "2018.01.21"]
[Round "5"]
[White "gomeschess"]
[Black "Monterrey"]
[Result "0-1"]
[WhiteElo "2093"]
[BlackElo "2008"]
[Opening "French: Winawer, advance variation"]
[ECO "C18"]
[Time "16:04:06"]
[TimeControl "2700+45"]

1. e4 e6 2. d4 d5 3. Nc3 Bb4 4. e5 c5 5. a3 Bxc3+ 6. bxc3 Qa5 7. Bd2 Qa4 8. Qb1
c4 9. h4 Nc6 10. h5 h6 11. Nf3 Bd7 12. g3 O-O-O 13. Bh3 Nge7 14. O-O Rdf8 15.
Re1 Kb8 16. Qb2 b6 17. Reb1 g5 18. hxg6 fxg6 19. Nh2 g5 20. Ng4 Ng8 21. Qc1 Rh7
22. f4 h5 23. Ne3 g4 24. Bg2 Nge7 25. f5 Nxf5 26. Nxf5 Rxf5 27. Bg5 Rhf7 28. Bf6
Rh7 29. Qd2 Be8 30. Rf1 Bg6 31. Rxf5 Bxf5 32. Rf1 Qxc2 33. Qg5 Bg6 34. Bd8 Kb7
35. Rf6 Be4 36. Rf2 Qxc3 37. Bxe4 dxe4 38. Qg6 Qxg3+ {White resigns} 0-1

[Event "Team 45 45 League T75"]
[Site "Internet Chess Club"]
[Date "2018.01.19"]
[Round "5"]
[White "achessman"]
[Black "soccerisfun"]
[Result "0-1"]
[WhiteElo "1883"]
[BlackElo "1989"]
[Opening "Ruy Lopez: Schliemann defense, Berger variation"]
[ECO "C63"]
[Time "21:57:08"]
[TimeControl "2700+45"]

1. e4 e5 2. Nf3 Nc6 3. Bb5 f5 4. Nc3 fxe4 5. Nxe4 Nf6 6. d3 d5 7. Nxf6+ Qxf6 8.
Bg5 Qg6 9. Qd2 Bd6 10. O-O-O O-O 11. Rde1 h6 12. Bh4 e4 13. dxe4 Bf4 14. Re3
dxe4 15. Ne1 Qe6 16. Ba4 Kh8 17. Bb3 Qg4 18. Bg3 Rd8 19. Qc3 Qd1# {White
checkmated} 0-1

[Event "Team 45 45 League T75"]
[Site "Internet Chess Club"]
[Date "2018.01.21"]
[Round "5"]
[White "joebobpop"]
[Black "laurenpar"]
[Result "0-1"]
[WhiteElo "1910"]
[BlackElo "1935"]
[Opening "French: MacCutcheon, Chigorin variation"]
[ECO "C12"]
[Time "20:08:58"]
[TimeControl "2700+45"]

1. e4 e6 2. d4 d5 3. Nc3 Nf6 4. Bg5 Bb4 5. e5 h6 6. exf6 hxg5 7. fxg7 Rg8 8. Qd3
Qf6 9. a3 Be7 10. Nf3 Nc6 11. h3 Qxg7 12. O-O-O Bd7 13. Qe3 O-O-O 14. Bb5 Bd6
15. Kb1 Kb8 16. Na4 Na5 17. Bxd7 Nc4 18. Qb3 Rxd7 19. Rhe1 g4 20. Ne5 Nxe5 21.
dxe5 Be7 22. hxg4 Qxg4 23. g3 Rdd8 24. Nc3 Qf3 25. Re2 d4 26. Rd3 Qh5 27. g4
Qxg4 28. f3 Qh3 29. Nd1 Rg1 30. Ka2 Qh1 31. Red2 Bg5 32. f4 Bxf4 33. Rh3 Qe4 34.
Rdd3 Bxe5 35. c3 Rdg8 36. cxd4 Bxd4 37. Qa4 e5 38. Rhg3 Qd5+ 39. Kb1 b5 40.
Rxg8+ Rxg8 41. Qc2 Rg2 42. Rd2 Rxd2 43. Qxd2 Qe4+ 44. Ka1 f5 45. Qb4 Qc6 46.
Qf8+ Kb7 47. Qxf5 Qc1+ 48. Qb1 Qxb1+ 49. Kxb1 Kc6 50. Kc2 Kd5 51. Kd3 c5 52. b3
c4+ 53. bxc4+ bxc4+ 54. Kd2 Ke4 55. a4 Kf3 56. a5 e4 57. a6 e3+ 58. Ke1 c3 59.
Nxe3 Kxe3 60. Kd1 Kd3 61. Kc1 Be3+ {White resigns} 0-1

[Event "Team 45 45 League T75"]
[Site "Internet Chess Club"]
[Date "2018.01.20"]
[Round "5"]
[White "MovingDutchman"]
[Black "Percival"]
[Result "1-0"]
[WhiteElo "2059"]
[BlackElo "1998"]
[Opening "Réti opening"]
[ECO "A11"]
[Time "20:04:05"]
[TimeControl "2700+45"]

1. Nf3 d5 2. c4 c6 3. e3 Nf6 4. b3 Bf5 5. Bb2 Nbd7 6. h3 h6 7. Nc3 e6 8. Be2 Bd6
9. Nh4 Bh7 10. O-O O-O 11. d4 Qe7 12. Nf3 Rad8 13. c5 Bb8 14. b4 e5 15. b5 Ne4
16. Re1 Nxc3 17. Bxc3 e4 18. Nd2 f5 19. bxc6 bxc6 20. Ba5 Rde8 21. g3 g5 22. Bh5
Rc8 23. Rb1 Nf6 24. Be2 f4 25. exf4 gxf4 26. Ba6 Rce8 27. Rb7 Qe6 28. g4 f3 29.
Rxb8 Rxb8 30. Qxf3 Nh5 31. Qe3 Qg6 32. Bc7 Rb2 33. Bd6 Rf7 34. Kh1 Qg5 35. gxh5
Qxe3 36. fxe3 Rxd2 37. Rg1+ Rg7 38. Bb7 Rxg1+ 39. Kxg1 Bf5 40. Bxc6 Be6 41. a4
Kg7 42. Be5+ Kf7 43. Bf4 Kg7 44. h4 Bf7 45. Kf1 Rb2 46. Kg1 Kf6 47. Bxh6 Ke6 48.
Bf4 Bxh5 49. Bb5 Be2 50. Bxe2 Rxe2 51. c6 Ra2 52. c7 Rc2 53. h5 Kf5 54. a5 a6
55. Kf1 Kf6 56. Ke1 Kf5 57. Kd1 Rc4 58. Kd2 Kf6 59. Ke2 Rc2+ 60. Kf1 Kf5 61. Bd6
Rc6 62. Kf2 Kg5 63. Kg3 Kxh5 64. Kf4 Kg6 65. Ke5 {Black resigns} 1-0

[Event "Team 45 45 League T75"]
[Site "Internet Chess Club"]
[Date "2018.01.21"]
[Round "5"]
[White "jorobo"]
[Black "Sloggi"]
[Result "1/2-1/2"]
[WhiteElo "1947"]
[BlackElo "1983"]
[Opening "QGD Slav: 4.Nc3"]
[ECO "D15"]
[Time "23:15:33"]
[TimeControl "2700+45"]

1. d4 d5 2. c4 c6 3. Nc3 Nf6 4. Nf3 a6 5. e3 Bg4 6. b3 b5 7. Be2 e6 8. O-O Nbd7
9. h3 Bh5 10. Bb2 Bd6 11. Ne5 Bxe2 12. Nxe2 Qc7 13. cxd5 cxd5 14. Rc1 Qb8 15.
Nxd7 Kxd7 16. f3 Qb7 17. Nf4 Bxf4 18. exf4 Rhc8 19. Qd3 Rxc1 20. Rxc1 Rc8 21. f5
Rxc1+ 22. Bxc1 Qc7 23. fxe6+ fxe6 24. Bg5 Qd8 25. a4 bxa4 26. bxa4 h6 27. Bxf6
Qxf6 28. a5 Qf4 29. Qxa6 Qxd4+ {Game drawn by mutual agreement} 1/2-1/2

[Event "Team 45 45 League T75"]
[Site "Internet Chess Club"]
[Date "2018.01.20"]
[Round "5"]
[White "BigCol"]
[Black "Dodgy"]
[Result "0-1"]
[WhiteElo "1740"]
[BlackElo "1810"]
[Opening "Queen's pawn, Mason variation"]
[ECO "D00"]
[Time "09:00:23"]
[TimeControl "2700+45"]

1. d4 d5 2. Bf4 Nf6 3. e3 g6 4. h3 Bg7 5. Nf3 O-O 6. Be2 c5 7. c3 Nc6 8. O-O Nd7
9. Re1 e5 10. dxe5 Ndxe5 11. Nbd2 Re8 12. Nxe5 Nxe5 13. Nf3 Nc6 14. Qb3 b6 15.
Bb5 Bb7 16. Rad1 Na5 17. Qc2 Rf8 18. Be2 Qc8 19. Rd2 h6 20. Red1 Qe6 21. b3 Rad8
22. Nh2 Nc6 23. Bf3 Ne5 24. Be2 Qe7 25. Nf3 Nc6 26. Bg3 Rfe8 27. Ne1 d4 28. exd4
cxd4 29. Bf3 dxc3 30. Re2 Qf6 31. Rxe8+ Rxe8 32. Nd3 Nd4 {White resigns} 0-1

[Event "Team 45 45 League T75"]
[Site "Internet Chess Club"]
[Date "2018.01.22"]
[Round "5"]
[White "kidcobra"]
[Black "kllrchris"]
[Result "1-0"]
[WhiteElo "1777"]
[BlackElo "1707"]
[Opening "Sicilian: Smith-Morra gambit"]
[ECO "B21"]
[Time "19:15:47"]
[TimeControl "2700+45"]

1. e4 c5 2. d4 cxd4 3. c3 dxc3 4. Nxc3 Nc6 5. Nf3 d6 6. Bc4 a6 7. O-O Nf6 8. Be3
Bg4 9. Nd5 Nd7 10. Rc1 g6 11. Qb3 e6 12. Qxb7 Bxf3 13. Nc7+ Ke7 14. Nxa8 Bxe4
15. f3 Na5 16. Qxe4 Nxc4 17. Rxc4 Bg7 18. Nc7 Nc5 19. Bxc5 Qxc7 20. Bd4 Bxd4+
21. Qxd4 Qd8 22. Rc7+ Qxc7 23. Qxh8 Qb6+ 24. Kh1 h5 25. Qc3 d5 26. Rc1 d4 27.
Qc5+ Qxc5 28. Rxc5 Kd6 29. Rc8 Kd5 30. Kg1 e5 31. Kf2 f5 32. g3 e4 33. fxe4+
fxe4 34. a4 g5 35. b4 g4 36. b5 e3+ 37. Ke2 axb5 38. axb5 Ke4 39. Re8+ Kd5 40.
Rxe3 dxe3 41. Kxe3 Kc5 42. Kf4 Kxb5 43. Kg5 h4 44. Kxh4 Kc6 45. Kxg4 Kd7 46. h4
Ke6 47. Kg5 Kf7 48. g4 Kg7 49. h5 Kh7 50. h6 Kh8 51. Kh5 Kg8 52. g5 Kh8 53. g6
Kg8 54. h7+ Kg7 55. h8=Q+ Kxh8 56. Kh6 Kg8 57. g7 {Black resigns} 1-0

[Event "Team 45 45 League T75"]
[Site "Internet Chess Club"]
[Date "2018.01.21"]
[Round "5"]
[White "HomerSimpson"]
[Black "JSCOL"]
[Result "0-1"]
[WhiteElo "1971"]
[BlackElo "2194"]
[Opening "English: four knights, 4.e3"]
[ECO "A28"]
[Time "21:14:36"]
[TimeControl "2700+45"]

1. c4 e5 2. Nc3 Nf6 3. Nf3 Nc6 4. e3 d5 5. cxd5 Nxd5 6. Bb5 Nxc3 7. bxc3 Bd6 8.
d4 e4 9. Nd2 Qg5 10. Bf1 Qg6 11. Qc2 f5 12. Qb3 Rb8 13. g3 Be6 14. Bc4 Bxc4 15.
Nxc4 h5 16. h4 Qf7 17. Nxd6+ cxd6 18. c4 b5 19. cxb5 Qxb3 20. axb3 Rxb5 21. Ra6
Kd7 22. Bd2 Rxb3 23. Ke2 Rb6 24. Rha1 Rxa6 25. Rxa6 d5 26. Bc1 Rb8 27. Ba3 Rb1
28. Bc5 Rb2+ 29. Ke1 Kc7 30. Kf1 Kb7 31. Ra1 a5 32. Ke1 Ka6 33. Bd6 Kb5 34. Rc1
Nb4 35. Bxb4 Kxb4 36. Rc7 a4 37. Rb7+ Kc3 38. Ra7 Kb3 39. Rb7+ Ka2 40. Rxg7 a3
41. Ra7 Kb3 42. Kf1 a2 43. Kg2 Rb1 {White resigns} 0-1

[Event "Team 45 45 League T75"]
[Site "Internet Chess Club"]
[Date "2018.01.25"]
[Round "5"]
[White "f5"]
[Black "The7thGuest"]
[Result "1-0"]
[WhiteElo "2191"]
[BlackElo "1907"]
[Opening "King's Indian: fianchetto, classical variation, 8.e4"]
[ECO "E68"]
[Time "14:00:13"]
[TimeControl "2700+45"]

1. d4 Nf6 2. Nf3 g6 3. g3 Bg7 4. Bg2 O-O 5. O-O d6 6. c4 Nbd7 7. Nc3 e5 8. e4
exd4 9. Nxd4 Nc5 10. h3 Re8 11. Re1 a6 12. Rb1 Bd7 13. b4 Ne6 14. Be3 Rb8 15.
Qd2 c5 16. Nxe6 Bxe6 17. bxc5 dxc5 18. Nd5 Bxd5 19. exd5 b5 20. cxb5 c4 21. bxa6
Ra8 22. a7 Ne4 23. Qc2 Nd6 24. Bc5 Rxe1+ 25. Rxe1 Qa5 26. Bxd6 Qxe1+ 27. Kh2
Rxa7 28. Qxc4 h5 29. Bc5 Rb7 30. h4 Rb1 31. d6 g5 32. hxg5 h4 33. Qxh4 Qg1+ 34.
Kh3 Qd1 35. Qg4 Qxg4+ 36. Kxg4 Rd1 37. Be4 Be5 38. Bc2 Rc1 39. d7 Bc7 40. Bd6
Bd8 41. Bb3 Kg7 42. Be5+ Kg6 43. f4 {Black resigns} 1-0

[Event "Team 45 45 League T75"]
[Site "Internet Chess Club"]
[Date "2018.01.18"]
[Round "5"]
[White "charles-allen"]
[Black "ANGELLR"]
[Result "1-0"]
[WhiteElo "1837"]
[BlackElo "1851"]
[Opening "Bird's opening"]
[ECO "A03"]
[Time "19:31:02"]
[TimeControl "2700+45"]

1. f4 d5 2. Nf3 c5 3. e3 a6 4. Be2 Nc6 5. O-O Bg4 6. Ne5 Nxe5 7. fxe5 Bxe2 8.
Qxe2 e6 9. d4 Rc8 10. Na3 Qc7 11. c3 cxd4 12. cxd4 Bxa3 13. bxa3 Qc2 14. Bd2 Rc4
15. Rfc1 Qa4 16. Rxc4 dxc4 17. Bb4 Qc6 18. Rc1 b5 19. a4 Ne7 20. axb5 axb5 21.
a4 Nd5 22. axb5 Qxb5 23. Bc5 f5 24. exf6 Nxf6 25. e4 Kd7 26. e5 Nd5 27. Qf3 Kc7
28. Qf7+ Qd7 29. Bd6+ Kd8 30. Qf1 c3 31. Qa6 Qc8 32. Qa7 Qd7 33. Qa5+ Ke8 34.
Qa8+ Qd8 35. Qc6+ Kf7 36. Rf1+ Kg6 37. Qb7 Qe8 38. Rf3 h6 39. Rg3+ Kf5 40. Qb1+
Kf4 41. Qf1+ Ke4 42. Qf3+ Kxd4 43. Qd3# {Black checkmated} 1-0

[Event "Team 45 45 League T75"]
[Site "Internet Chess Club"]
[Date "2018.01.20"]
[Round "5"]
[White "Heian"]
[Black "nathanpillay"]
[Result "0-1"]
[WhiteElo "1673"]
[BlackElo "1701"]
[Opening "French: advance, Milner-Barry gambit"]
[ECO "C02"]
[Time "12:04:14"]
[TimeControl "2700+45"]

1. e4 e6 2. d4 d5 3. e5 c5 4. c3 Nc6 5. Nf3 Qb6 6. Bd3 cxd4 7. cxd4 Bd7 8. O-O
Nxd4 9. Nxd4 Qxd4 10. Nc3 a6 11. Be3 Qxe5 12. Re1 Nf6 13. Qf3 Bc6 14. Bf4 Qh5
15. Qg3 Qg4 16. Qxg4 Nxg4 17. h3 Nf6 18. Rac1 Be7 19. Ne2 O-O 20. Nd4 Rfc8 21.
Nxc6 bxc6 22. Rc2 c5 23. Rec1 Nd7 24. Kf1 e5 25. Bf5 exf4 26. Bxd7 Rc7 27. Bf5
g6 28. Bg4 Rd8 29. Rd1 f5 30. Bf3 Rcd7 31. Rcd2 d4 32. Be2 a5 33. Bc4+ Kf8 34.
Ke2 Bd6 35. Kf3 Re7 36. b3 h5 37. Bd3 Kg7 38. Re2 Rde8 39. Rde1 Rxe2 40. Rxe2
Rxe2 41. Kxe2 Kf6 42. Bb5 g5 43. Be8 g4 44. Bxh5 f3+ 45. gxf3 gxh3 46. f4 Bxf4
47. Bf3 Ke5 48. Kd3 Bh2 49. Be2 Bg1 50. Bf1 h2 51. Bg2 Bxf2 52. Ke2 Be3 53. Kf3
Bg1 54. Kg3 d3 55. Kf3 Kd4 56. Kg3 d2 {White resigns} 0-1

[Event "Team 45 45 League T75"]
[Site "Internet Chess Club"]
[Date "2018.01.18"]
[Round "5"]
[White "Ajolote"]
[Black "idjit"]
[Result "1-0"]
[WhiteElo "1840"]
[BlackElo "1596"]
[Opening "French: Chigorin variation"]
[ECO "C00"]
[Time "18:00:22"]
[TimeControl "2700+45"]

1. e4 e6 2. Qe2 Be7 3. Nf3 d5 4. g3 Nf6 5. e5 Nfd7 6. Bg2 c5 7. d4 O-O 8. O-O
Nc6 9. c3 b6 10. Bf4 a5 11. Rd1 Ba6 12. Qe3 Kh8 13. h4 Qc8 14. Nbd2 f6 15. exf6
Nxf6 16. Bh3 Nd8 17. Ng5 {Black resigns} 1-0

[Event "Team 45 45 League T75"]
[Site "Internet Chess Club"]
[Date "2018.01.20"]
[Round "5"]
[White "Demachaeron"]
[Black "JPSVI"]
[Result "0-1"]
[WhiteElo "1631"]
[BlackElo "1416"]
[Opening "Dutch defense, Rubinstein variation"]
[ECO "A40"]
[Time "23:00:46"]
[TimeControl "2700+45"]

1. d4 e6 2. c4 f5 3. Nc3 Nf6 4. Nf3 Bb4 5. Bd2 O-O 6. e3 b6 7. Qb3 Bxc3 8. Bxc3
Ne4 9. Bb4 Re8 10. Bd3 a5 11. Bc3 Nxc3 12. Qxc3 Bb7 13. O-O-O d6 14. Kb1 Qf6 15.
Rhg1 Na6 16. Nd2 Qh4 17. f3 Qxh2 18. Rh1 Qxg2 19. Rdg1 Qf2 20. e4 Nb4 21. Bf1
Qe1+ 22. Qc1 Qxc1+ 23. Kxc1 Nxa2+ 24. Kd1 fxe4 25. fxe4 Rf8 26. d5 exd5 27. exd5
Rae8 28. Bd3 g6 29. Ne4 Nb4 30. Bb1 Bc8 31. Ng5 Re7 32. Rh6 Bf5 33. Bxf5 Rxf5
34. Ne6 Nxd5 35. Nd4 Ne3+ 36. Kd2 Nxc4+ 37. Kd3 Nxb2+ 38. Kc3 Na4+ 39. Kb3 Nc5+
40. Kc4 Rf4 {White resigns} 0-1